AoeStats
← ephesus

Arena

508939622Analyzed
4v4 RM · 6d ago on Sep 24, 2026· 29m 48s· 8 players
Game mode
Random Map
Map size
Large (8 player)
Population
200
Speed
Normal
Resources
Standard
Victory
Conquest
Starting age
Dark Age
Ending age
Imperial Age
RankedLock teamsTeams togetherTeam positionsShared explorationLock speedFull tech treeHidden civsTurbo modeCheats
Victory
Defeat
🇹🇷 Danes · Türkiye
1094
+14
🇹🇷 Teutons · Türkiye
978
+18
🇹🇷 Varangians · Türkiye
969
+19
🇹🇷 Franks · Türkiye
900
+21
🇩🇪 Spanish · Germany
1092
-20
🇩🇪 Varangians · Germany
1039
-18
🇩🇪 Danes · Germany
1024
-18
🇩🇪 Goths · Germany
971
-16
AlperHan
7:01 Loom
13:23 Feudal Age
14:51 Man-at-Arms
19:32 Castle Age
17:30 Stone Mining
20:13 Castle Age
19:02 Double-Bit Axe
19:58 Horse Collar
24:56 Squires
ephesus
11:49 Loom
13:38 Feudal Age
19:56 Castle Age
20:41 Double-Bit Axe
20:38 Horse Collar
23:52 Wheelbarrow
23:48 Bow Saw
24:55 Heavy Plow
29:59 Imperial Age
29:11 Hand Cart
OzKhan
11:49 Feudal Age
14:54 Double-Bit Axe
15:17 Loom
19:10 Castle Age
18:45 Gold Mining
20:22 Scale Barding Armor
24:12 Chain Barding Armor
osmanars
8:09 Loom
11:36 Feudal Age
23:47 Castle Age
31:21 Imperial Age
Sir Doderich
1:05 Loom
13:30 Feudal Age
18:12 Castle Age
23:09 Imperial Age
21:07 Gold Mining
21:06 Double-Bit Axe
21:05 Horse Collar
24:00 Wheelbarrow
26:37 Bow Saw
26:33 Heavy Plow
27:40 Onager
30:06 Hand Cart
JoeExotic_Hochheim
12:28 Feudal Age
17:08 Castle Age
16:47 Loom
25:13 Man-at-Arms
t0x
9:30 Loom
12:14 Feudal Age
14:23 Arson
19:06 Castle Age
20:44 Fletching
21:53 Husbandry
22:03 Bloodlines
22:13 Pikeman
[LES] Cpt_Ragequote
12:27 Feudal Age
16:36 Castle Age
15:13 Double-Bit Axe
16:28 Horse Collar
16:43 Gold Mining
18:34 Stone Mining
19:15 Loom
Connection lost

Rejoining the realm…

Still unreachable

The connection could not be restored.

Session expired

The server has moved on; the page needs a fresh start.